Cogmind - Beta 14 @@@ ROGUE MODE // 2025.03.06 @ 21:46:55 Player: CLown Bot Result: Destroyed by G-47 Trooper with Particle Gun Performance ------------- Evolutions (0) 0 Regions Visited (1) 200 Robots Destroyed (4) 20 Value Destroyed (104) 104 Prototype IDs (0) 0 Alien Tech Used (0) 0 Bonus (0) 0 TOTAL SCORE: 324 Bonus ------- None Cogmind --------- Core Integrity 0/250 Matter 260/300 Energy 98/100 System Corruption 0% Temperature Cool (9) Movement Core (50) Location -10/Materials Parts ------- > --- POWER (1) -------- (None) > --- PROPULSION (2) --- (None) > --- UTILITY (2) ------ Terrain Scanner > --- WEAPON (2) ------- (None) > --- INVENTORY (5) ---- Aluminum Leg Aluminum Leg Wheel Heat Sink Improved Terrain Scanner Peak State ------------ > --- POWER ------------ Ion Engine > --- PROPULSION ------- Aluminum Leg Wheel > --- UTILITY ---------- Terrain Scanner > --- WEAPON ----------- Assault Rifle Mining Laser > --- INVENTORY -------- Aluminum Leg Aluminum Leg Wheel Heat Sink Improved Terrain Scanner [Rating: 6] Favorites ----------- Power Ion Engine Engine Ion Engine Propulsion Aluminum Leg Leg Aluminum Leg Wheel Wheel Utility Terrain Scanner Device Terrain Scanner Weapon Assault Rifle Ballistic Gun Assault Rifle Special Weapon Mining Laser Build | -11 -10 ------- Run | Yrd Mat Slots Evolved . | . . Power . | . . Propulsion . | . . Utility . | . . Weapon . | . . Parts Attached 9 | 7 2 Power 1 | 1 . Engine 1 | 1 . Core . | . . Reactor . | . . Propulsion 4 | 4 . Treads . | . . Leg 3 | 3 . Wheel 1 | 1 . Hover . | . . Flight . | . . Utility 1 | . 1 Device 1 | . 1 Storage . | . . Processor . | . . Hackware . | . . Protection . | . . Artifact . | . . Weapon 3 | 2 1 Energy Gun . | . . Energy Cannon . | . . Ballistic Gun 1 | 1 . Ballistic Cannon . | . . Launcher . | . . Special Weapon 2 | 1 1 Impact Weapon . | . . Slashing Weapon . | . . Piercing Weapon . | . . Special Melee Weapon . | . . Unidentified Prototypes . | . . Parts Lost 5 | . 5 Power 1 | . 1 Propulsion 2 | . 2 Utility . | . . Weapon 2 | . 2 Highest Loss Streak 5 | . 5 To Critical Strikes . | . . Average Slot Usage (%) 66 | . 66 Engine 11 | . 11 Leg 11 | . 11 Wheel 10 | . 10 Device 13 | . 13 Ballistic Gun 10 | . 10 Special Weapon 8 | . 8 Peak Build Rating 6 | 5 6 Average Rating 3 | 3 4 On Entrance 2 | . 5 Naked Turns . | . . Heaviest Build 9 | 8 9 Greatest Support 10 | 10 10 Greatest Overweight (x) . | . . Average Overweight (x) . | . . Largest Inventory Capacity 5 | 5 5 Average Capacity 5 | 5 5 Most Carried 5 | 5 5 Average Carried 4 | 3 5 Final Capacity 5 | 5 5 Final Carried 5 | 5 5 Class Distribution -------------------- 100% | Mutant Dominant Class ---------------- Mutant | -10/Materials Resources | -11 -10 ----------- Run | Yrd Mat Matter Collected 303 | 303 . Remotely . | . . Salvage Created 129 | 56 73 Parts 15 | 6 9 Haulers Intercepted . | . . Recyclers Shooed . | . . Parts Field Recycled . | . . Retrieved Matter . | . . Parts Self-Destructed . | . . Prevented . | . . Kills | -11 -10 ------- Run | Yrd Mat Combat Hostiles Destroyed 2 | 1 1 Guns 2 | 1 1 Classes Destroyed 3 | 2 1 Tunneler 1 | 1 . Watcher 1 | . 1 Grunt 2 | 1 1 Best Kill Streak 2 | 2 2 Combat Bots Only 1 | 1 1 Max Kills in Single Turn 1 | 1 1 Gunslinging . | . . Exploded . | . . Melee . | . . Uniques/NPCs Destroyed . | . . Combat | -11 -10 -------- Run | Yrd Mat Hostile Shots Fired 72 | 5 67 Missed 23 | 1 22 Damage Taken 628 | 44 584 Core 253 | 21 232 Absorbed by Shields . | . . Core Remaining (%) 91 | 91 . Volleys Fired 26 | 11 15 Largest 2 | 1 2 Hottest 40 | 20 40 Shots Fired 29 | 11 18 Gun 26 | 11 15 Cannon . | . . Launcher . | . . Special 3 | . 3 Kinetic 26 | 11 15 Thermal 3 | . 3 Explosive . | . . Electromagnetic . | . . Robot Hit Streak 2 | 2 2 Robot Miss Streak 9 | 5 9 Penetration Max . | . . Secondary Targets . | . . Shots Hit Robots 9 | 3 6 Core Hits 9 | 3 6 Critical Kills . | . . Critical Parts Destroyed . | . . Critical Strikes . | . . Melee Attacks . | . . Impact . | . . Slashing . | . . Piercing . | . . Sneak Attacks . | . . Combat Hostiles . | . . Follow-up Attacks . | . . Damage Inflicted 165 | 51 114 Guns 165 | 51 114 Cannons . | . . Explosions . | . . Melee . | . . Ramming . | . . Kinetic 165 | 51 114 Thermal . | . . Explosive . | . . Electromagnetic . | . . Impact . | . . Slashing . | . . Piercing . | . . Highest Corruption . | . . Average Corruption . | . . Corruption Purged . | . . Corruption Blocked . | . . Overload Shots . | . . Overflow Damage . | . . Projectiles . | . . Explosions . | . . Melee . | . . Knockbacks . | . . Impact . | . . Kinetic . | . . Secondary . | . . Self-Inflicted Damage . | . . Shots . | . . Rammed . | . . Targets Rammed . | . . Kicked . | . . Crushed . | . . Highest Temperature 14 | . 14 Average Temperature 6 | . 6 Received Heat Transfer 363 | 24 339 Siege Activations . | . . Robots Corrupted . | . . Combat Hostiles . | . . Parts Fried . | . . Impact Corruptions . | . . Robots Melted . | . . Combat Hostiles . | . . Parts Melted . | . . Heat Transferred . | . . Parts Sabotaged . | . . Parts Stolen . | . . Parts Stripped . | . . Power Chain Reactions . | . . Alert | -11 -10 ------- Run | Yrd Mat Peak Influence 61 | 25 61 Initial 16 | . 16 Average 22 | 14 30 Maximum Alert Level . | . . Low Security (%) 100 | 100 100 Level 1 . | . . Level 2 . | . . Level 3 . | . . Level 4 . | . . Level 5 . | . . High Security . | . . Max Security . | . . Squads Dispatched . | . . Investigation . | . . Extermination . | . . Reinforcement . | . . Assault . | . . Garrison . | . . Intercept . | . . Searches Triggered . | . . Construction Impeded . | . . Haulers Reinforced . | . . Active Scanning Responses . | . . Cargo Convoy Interrupts . | . . Stealth | -11 -10 --------- Run | Yrd Mat Distress Signals 2 | . 2 Communications Jammed . | . . Distress Signals . | . . Times Spotted 9 | 1 8 Peak Tracking Total 5 | 1 5 Tactical Retreats . | . . Traps | -11 -10 ------- Run | Yrd Mat Traps Triggered . | . . Indirectly . | . . Trap Hack Attempts . | . . Triggered . | . . Disarmed . | . . Reprogrammed . | . . Reused . | . . Traps Extracted . | . . Installed . | . . Triggered . | . . Machines | -11 -10 ---------- Run | Yrd Mat Machines Disabled . | . . Max in Single Turn . | . . Machines Repaired . | . . Machines Dismantled . | . . Machines Sabotaged . | . . Overloaded Fab Kills . | . . Hacking | -11 -10 --------- Run | Yrd Mat Machines Accessed . | . . Terminals . | . . Fabricators . | . . Repair Stations . | . . Recycling Units . | . . Scanalyzers . | . . Garrison Access . | . . Total Hacks . | . . Successful . | . . Failed . | . . Catastrophic . | . . Database Lockouts . | . . Manual . | . . Terminals . | . . Fabricators . | . . Repair Stations . | . . Recycling Units . | . . Scanalyzers . | . . Garrison Access . | . . Terminal Hacks . | . . Fabricator Hacks . | . . Repair Station Hacks . | . . Recycling Unit Hacks . | . . Scanalyzer . | . . Garrison Access Hacks . | . . Unauthorized Hacks . | . . Terminals . | . . Fabricators . | . . Repair Stations . | . . Recycling Units . | . . Scanalyzers . | . . Garrison Access . | . . Data Cores Recovered . | . . Used . | . . Hacking Detections . | . . Full Trace Events . | . . Feedback Events . | . . Feedback Blocked . | . . Robot Schematics Acquired . | . . Robots Built . | . . Authchips . | . . Time . | . . Total Robot Build Rating . | . . Part Schematics Acquired . | . . Parts Built . | . . Authchips . | . . Time . | . . Total Part Build Rating . | . . Parts Repaired . | . . Time . | . . Parts Recycled . | . . Recycled Matter . | . . Retrieved Matter . | . . Retrieved Components . | . . Parts Scanalyzed . | . . Part Schematics Acquired . | . . Parts Damaged . | . . Bothacking | -11 -10 ------------ Run | Yrd Mat Used RIF Installer . | . . Robots Hacked . | . . Non-combat . | . . Combat . | . . Robot Hacks Applied . | . . Relay Couplers Released . | . . Fabnet Peak Effective % . | . . Robots Rewired . | . . Allies Hacked . | . . Hacks Repelled . | . . Allies | -11 -10 -------- Run | Yrd Mat Total Allies . | . . Largest Group . | . . Highest-Rated Group . | . . Highest-Rated Ally . | . . Total Orders . | . . Ally Attacks . | . . Total Damage . | . . Kills . | . . Allies Corrupted . | . . Allies Melted . | . . Intel | -11 -10 ------- Run | Yrd Mat Robot Analysis Total . | . . Derelict Logs Recovered . | . . Drone Launches . | . . Drone Recoveries . | . . Exploration | -11 -10 ------------- Run | Yrd Mat Turns Passed 322 | 159 163 Spaces Moved 273 | 137 136 Core 91 | 39 52 Treads . | . . Legs 142 | 58 84 Wheels 40 | 40 . Hover . | . . Flight . | . . Fastest Speed 50 | 50 50 Average Speed 90 | 88 93 Slowest Speed 120 | 120 120 Overloaded Moves . | . . Propulsion Burnouts . | . . Robots Hopped . | . . Cave-ins Triggered . | . . Exploration Rate (%) 10 | 10 10 Regions Visited 1 Branch Regions . Pre-discovered Areas . | . . Known Exits Taken . | . . Unknown Exits Taken 1 | 1 . Scrap Searched . | . . Spaces Dug . | . . Terrain Destroyed . | . . Melee . | . . Projectile . | . . AOE . | . . Terrain Rammed . | . . Walls Destroyed . | . . Machines Disabled . | . . Actions | -11 -10 --------- Run | Yrd Mat Total 316 | 162 154 Wait . | . . Move 272 | 136 136 Hop . | . . Pick Up 8 | 8 . Fast Attach 2 | 1 1 Attach 4 | 4 . Detach . | . . Swap 3 | 2 1 Drop 1 | . 1 Fire 26 | 11 15 Melee . | . . Ram . | . . Kick . | . . Crush . | . . Escape Stasis . | . . Rewire . | . . Trap . | . . Miscellaneous . | . . Route ------- -11/Scrapyard -10/Materials History --------- Turn | Location | Event 2 | -11/Scrapyard | Met Revision 17 50 | -11/Scrapyard | Discovered new exit (range 8) 160 | -11/Scrapyard | Entered Materials 287 | -10/Materials | Core integrity fell below 50% 307 | -10/Materials | Core integrity fell below 20% 309 | -10/Materials | Build established: Mutant 323 | -10/Materials | Destroyed by G-47 Trooper with Particle Gun Last Messages --------------- G-34 Mercenary destroyed. K-01 Serf destroyed. W-16 Scout sends out distress signal. K-01 Serf collects debris. Welding Torch destroyed. W-16 Scout destroyed. K-01 Serf collects debris. Wheel destroyed. R-06 Scavenger collects Particle Gun. Assault Rifle destroyed. Ion Engine destroyed. R-06 Scavenger collects Lgt. Nuclear Core. K-01 Serf collects debris. R-06 Scavenger collects Aluminum Leg. K-01 Serf collects debris. Aluminum Leg destroyed. You may prefer to play using a different font style. Try some of the others via the option menu's second option. [Achievement: First Step to Greatness] Map ----- +----------------------------------------------------+ | | | | | | | ???????????????????#?????#???????????? | | ?????????????????????????????????????? | | ?????????????????????????????????????? | | ?????????????????? ??????????????????? | | ???????????????????? ? ??????????????? | | ???????????????????? ???????????????? | | ?????????????????????????????????????? | | ????????????????? ? ?????##????#?????? | | ???????????????#?###+###?? ??????????? | | ????????########## #? ???????????? | | ???????#??# #??? ?????#??#? | | ????#?????# T #????"???#????? | | ??????????# #? ? ?????? ?? | | ??????????####g### #?????????? ? ? | | ?????????#?# ## ##??????????? #? | | ?????? ????# T ## #??????????? #? | | ???????????# ## ## ????????* ## | | ???????????# ## ###########=! #? | | ??????? ???# ## %[!!#? | | ?????? ??## ## % *==#? | | ???????????# | ] ## %!%=## | | ???????????# || ## ###+######+####? | | ???????????# @| ## # ?#??? ??? | | ???????????# ## # " #?????" #? | | ?????????? + ! ## # ?"" #???????#? | | ?????????### ## #? "" #????????? | | ?????????#?######## #??"" #????????? | | ???????????????#??# #???? #????????? | | ???????????? ????### # ??? #????????? | | ??????? ????????????# #???? ?????????? | | ????????????????????# #???"??????????? | | ??????????????????#?# # ??????#?????? | | ????????????????????# #??????????#???? | | ????????????????????? #??????????????? | | ????????????????????? #??????????????? | | ????????????? ??????? #??????????????? | | ????????????????????? #??????????????? | | ????????????????????? ???????????????? | | ????????????????????? ???????????????? | | ????????????????????? ???????????????? | | ?????????????????????????????????????? | | ?????????????????????????????????????? | | ?????????????????????????????????????? | | ?????????????????????????????????????? | | ?????????????????????????????????????? | | ?????????????????????????????????????? | | ?????????????????????????????????????? | +----------------------------------------------------+ Best States ------------- Heat Dissipation 25 Energy Generation 10 Energy Capacity 250 Matter Stores 300 Matter Capacity 300 Sight Range 16 Terrain Scan Range 14 Terrain Scan Density 10 Evasion (%) 55 Item Schematics ----------------- None Robot Schematics ------------------ None Fabricated ------------ Nothing Alien Tech Used ----------------- None Achievements -------------- First Step to Greatness Storm Trooper Challenges ------------ None Game ------ Seed ArmageddonBraceMembrane Manual? 0 Play Time 00:08:16 Cumulative 0.1 hours Start 2025.03.06 @ 17:00:00 End 2025.03.06 @ 21:46:55 Sessions 1 Manual Loads 0 Difficulty Rogue Special Mode None Game No. 1 Rogue 1 Adventurer 0 Explorer 0 Win Type - Total 0 Types 0/0/0/0/0/0/0/0/0 Lore% 0 Gallery% 0 Achievement% 0 Wizard Run 0 Options --------- Layout 1 ASCII 0 Keyboard 0 Movement Mouse Keybinds 0 Fullscreen 1 Font 24/Smallcaps Map View 50x35 Zoom Use 0% Tactical HUD 0 Map Filters NONE Filters NONE Steam 1 RUN: bc94ede3-cc84-44fe-a654-51e897b85ffa